 Dungeon Crawl Stone Soup version 0.23.2-40-g277498a001 (webtiles) character file.

Game seed: 235058071344154170

63 OrcJesus the Magician (level 3, -3/16 HPs)
             Began as a Spriggan Enchanter on Sept 6, 2019.
             Killed from afar by Natasha (7 damage)
             ... with a magic dart
             ... on level 2 of the Dungeon.
             The game lasted 00:05:12 (1799 turns).

OrcJesus the Magician (Spriggan Enchanter)          Turns: 1799, Time: 00:05:12

Health: -3/16      AC:  6    Str:  4    XL:     3   Next: 89%
Magic:  9/10       EV: 21    Int: 17    God:
Gold:   4          SH:  0    Dex: 16    Spells: 6/12 levels left

rFire    + + .     SeeInvis +   (weapon currently unavailable)
rCold    + + .     Gourm    .   (shield currently unavailable)
rNeg     + + +     Faith    .   (armour currently unavailable)
rPois    ∞         Spirit   .   (helmet currently unavailable)
rElec    +         Reflect  .   (cloak currently unavailable)
rCorr    +         Harm     .   (gloves unavailable)
MR       .....                  (boots unavailable)
Stlth    +++.......             (amulet currently unavailable)
HPRegen  0.05/turn              (ring currently unavailable)
MPRegen  0.12/turn              (ring currently unavailable)

@: wisp-form (expiring), flying, quick
A: tiny, unfitting armour, see invisible, herbivore, slow metabolism 2
a: no special abilities


You were on level 2 of the Dungeon.
You were not hungry.
You were an insubstantial wisp.
You visited 1 branch of the dungeon, and saw 2 of its levels.

You collected 4 gold pieces.

Inventory:

Hand Weapons
 a - a +1 dagger (melded)
Missiles
 f - a throwing net (quivered)
Armour
 b - a +0 robe (melded)
Jewellery
 h - a ring of stealth (melded)
Scrolls
 e - a scroll of noise {unknown}
 g - a scroll of remove curse {unknown}
 j - a scroll of enchant weapon {unknown}
Potions
 c - a potion of mutation {unknown}
 i - a potion of agility {unknown}
Comestibles
 d - 3 rations


   Skills:
 - Level 1.1 Short Blades
 - Level 3.0 Dodging
 - Level 4.4 Stealth
 + Level 5.3 Spellcasting
 - Level 3.6 Hexes


You had 6 spell levels left.
You knew the following spells:

 Your Spells              Type           Power        Failure   Level  Hunger
a - Ensorcelled Hibernat  Hex/Ice        ##....       10%         2    #......
c - Confuse               Hex            ###.....     10%         3    ##.....
A - Corona                Hex            ###....      3%          1    None

Your spell library contained the following spells:

 Spells                   Type           Power        Failure   Level  Hunger
 Tukima's Dance           Hex            ###.....     10%         3    ##.....
 Dazzling Spray           Conj/Hex       ##....       21%         3    ##.....


Dungeon Overview and Level Annotations

Branches:
Dungeon (2/15)

Altars:

Annotations:
D:1 fly
D:2 Natasha


Innate Abilities, Weirdness & Mutations

You are very small and have problems with some larger weapons.
You are too small for most types of armour.
You have supernaturally acute eyesight. (SInv)
You are a herbivore.
((You cover ground extremely quickly.))
You need to consume almost no food.


Message History

Natasha is lightly wounded.
You blink.
The hobgoblin shouts!
Natasha casts a spell at you. You resist with some effort.
Sorry, you're not good enough to have a special ability.
You touch Natasha but do no damage.
Natasha is lightly wounded.
Natasha misses you.
You closely miss Natasha.
Natasha is lightly wounded.
Natasha casts a spell at you. The magic dart hits you.
* * * LOW HITPOINT WARNING * * *
You touch Natasha but do no damage.
Natasha is lightly wounded.
Your transformation is almost over.
Natasha stares at you and mumbles some strange words.
The magic dart hits you!
You die...

#(.†(...#
#####)##### #.....#
##....# #....#
##########....#
#?............#
#.............#
#.....g...vh..####.#
...................#
#.............###..#
##########....#
#....# #.......
#.####### #. #.


You could see Natasha and a hobgoblin.

Vanquished Creatures
  2 adders (D:2)
  2 dart slugs (D:1)
  A giant cockroach (D:1)
  4 goblins
  5 hobgoblins
  7 jackals (D:1)
  A quokka (D:2)
  A ball python (D:1)
  6 bats
  2 frilled lizards
  5 kobolds
  A rat (D:2)
37 creatures vanquished.

Notes
Turn   | Place    | Note
-------+----------+-------------------------------------------
     0 | D:1      | OrcJesus the Spriggan Enchanter began the quest for the
                  | Orb.
     0 | D:1      | Reached XP level 1. HP: 9/9 MP: 5/5
   212 | D:1      | Reached skill level 3 in Spellcasting
   274 | D:1      | Reached XP level 2. HP: 11/13 MP: 7/7
   278 | D:1      | Learned a level 2 spell: Ensorcelled Hibernation
   483 | D:1      | Reached skill level 4 in Spellcasting
  1050 | D:1      | Reached XP level 3. HP: 14/16 MP: 9/9
  1448 | D:1      | Learned a level 3 spell: Confuse
  1502 | D:2      | Reached skill level 5 in Spellcasting
  1781 | D:2      | Noticed Natasha
  1799 | D:2      | Killed from afar by Natasha

Skill      XL: |  1  2  3 |
---------------+----------+-----
Spellcasting   | 3 4 5 |  5.3
Short Blades   | |  1.1
Dodging        | |  3.0
Stealth        | |  4.4
Hexes          | |  3.6

Action                   || total
-------------------------++-------
Melee: Dagger            ||   153
       Unarmed           ||     8
 Cast: Ensorcelled Hiber ||    15
 Stab: Sleeping          ||    17
Armor: Robe              ||    22
Dodge: Dodged            ||   131
